 Dungeon Crawl Stone Soup version 0.29.1-1-gd02db6906a (webtiles) character file.

Game seed: 6815428030269168783

22351 Zeld the Severer (level 12, -36/110 HPs)
             Began as a Minotaur Berserker on Oct 6, 2022.
             Was an Elder of Trog.
             Annihilated by a very large slime creature (41 damage)
             ... on level 13 of the Dungeon.
             The game lasted 00:17:24 (18032 turns).

Zeld the Severer (Minotaur Berserker)              Turns: 18032, Time: 00:17:24

Health: -36/110    AC: 21    Str: 25    XL:     12   Next: 62%
Magic:  11/11      EV:  9    Int:  4    God:    Trog [****..]
Gold:   440        SH:  6    Dex: 12    Spells: 11/11 levels left

rFire   . . .      SeeInvis +   O - +6 hand axe "Jetoe" {flame, +Blink}
rCold   . . .      Faith    .   K - +0 kite shield
rNeg    . . .      Spirit   .   b - +0 plate armour
rPois   +          Reflect  .   (helmet restricted)
rElec   .          Harm     .   y - +1 cloak
rCorr   .          Rampage  .   N - +1 pair of gloves
Will    .....                   I - +0 pair of boots
Stlth   ..........              (no amulet)
HPRegen 0.28/turn               Q - ring of see invisible
MPRegen 0.12/turn               r - ring of poison resistance

@: no status effects
A: horns 2, retaliatory headbutt
a: Renounce Religion, Evoke Blink, Berserk, Trog's Hand, Brothers in Arms


You were on level 13 of the Dungeon.
You worshipped Trog.
Trog was greatly pleased with you.
You visited 3 branches of the dungeon, and saw 15 of its levels.

You collected 868 gold pieces.
You spent 428 gold pieces at shops.

Inventory:

Hand Weapons
 a - a +1 war axe of flaming
 O - the +6 hand axe "Jetoe" (weapon) {flame, +Blink}
   (Trog gifted it to you on level 11 of the Dungeon)

   It burns those it strikes, dealing additional fire damage.
   Big, fiery blades are also staple armaments of hydra-hunters.
   +Blink:    It lets you blink.
Missiles
 n - 11 boomerangs (quivered)
 p - 4 atropa-tipped darts
 B - 2 silver boomerangs
 C - 2 curare-tipped darts
 D - 36 poisoned darts
Armour
 b - a +0 plate armour (worn)
 y - a +1 cloak (worn)
 I - a +0 pair of boots (worn)
 K - a +0 kite shield (worn)
 N - a +1 pair of gloves (worn)
Jewellery
 r - a ring of poison resistance (right hand)
 J - the ring "Unaudwirr" {rC++ rN+ rCorr}
   (You found it on level 8 of the Dungeon)

   [ring of positive energy]

   rC:        It greatly protects you from cold.
   rN:        It protects you from negative energy.
   rCorr:     It protects you from acid and corrosion.
 M - a ring of flight
 Q - a ring of see invisible (left hand)
Wands
 F - a wand of mindburst (11)
 G - a wand of flame (24)
Scrolls
 e - 5 scrolls of blinking {unknown}
 h - 4 scrolls of fog {unknown}
 i - 4 scrolls of enchant armour {unknown}
 k - 9 scrolls of identify {unknown}
 l - 3 scrolls of fear {unknown}
 m - 4 scrolls of enchant weapon {unknown}
 o - 3 scrolls of amnesia {unknown}
 q - a scroll of poison {unknown}
 s - 4 scrolls of magic mapping {unknown}
 t - 5 scrolls of teleportation {unknown}
 v - a scroll of noise {unknown}
 w - 2 scrolls of summoning {unknown}
 H - 3 scrolls of brand weapon {unknown}
 L - a scroll of vulnerability {unknown}
 P - 3 scrolls of immolation {unknown}
Potions
 c - a potion of lignification {unknown}
 d - a potion of ambrosia {unknown}
 f - 6 potions of curing {unknown}
 g - 4 potions of attraction {unknown}
 j - 2 potions of might
 u - a potion of mutation {unknown}
 x - 2 potions of invisibility {unknown}
 z - a potion of brilliance {unknown}
 A - 3 potions of heal wounds {unknown}
 E - 5 potions of flight {unknown}


   Skills:
 + Level 11.3 Fighting
 * Level 15.2 Axes
 + Level 11.0 Armour
 + Level 10.0 Dodging
 * Level 7.3 Evocations


You had 11 spell levels left.
You didn't know any spells.
Your spell library was empty.

Dungeon Overview and Level Annotations

Branches:
Dungeon (13/15)            Temple (1/1) D:5            Lair (0/5) D:9
    Orc (1/2) D:11
 Vaults: D:13-14

Altars:
Ashenzari
Cheibriados
Dithmenos
Elyvilon
Fedhas
Gozag
Hepliaklqana
Kikubaaqudgha
Makhleb
Nemelex Xobeh
Okawaru
Qazlal
Ru
Sif Muna
Trog
Uskayaw
Vehumet
Wu Jian
Xom
Yredelemnul
Zin
The Shining One

Shops:
D:2 (   D:7 =(*   D:10 *

Portals:
Abyss: D:9

Annotations:
D:6 3 runed translucent doors, gdog's ghost, novice GnDe
D:7 2 transporters, turdburglar's ghost, novice MiFi
D:9 2 transporters, kmshiort's ghost, novice DrFE
D:10 1 runed translucent door, quakins's ghost, journeyman MiBe


Innate Abilities, Weirdness & Mutations

You have a pair of horns on your head.
You reflexively headbutt those who attack you in melee.


Message History

Two slime creatures merge to form a large slime creature.
Unknown command.
You slash the slime creature! You burn the slime creature.
You kill the slime creature!
Trog accepts your kill.
You hit the large slime creature. You burn the large slime creature.
You hit the slime creature. You burn the slime creature.
Two slime creatures merge to form a very large slime creature.
The slime creature hits you but does no damage.
Your Armour skill increases to level 11!
You hit the slime creature. You burn the slime creature.
You headbutt the slime creature, but do no damage.
The slime creature is severely wounded.
You completely miss the very large slime creature.
Unknown command.
You completely miss the slime creature.
The slime creature is severely wounded.
You slash the very large slime creature!
You burn the very large slime creature.
The very large slime creature hits you!!!
Ouch! That really hurt!
* * * LOW HITPOINT WARNING * * *
The slime creature hits you!
* * * LOW HITPOINT WARNING * * *
You are too injured to fight recklessly!
Okay, then.
Your two-headed ogre goes berserk!
Trog will no longer gift you weapons. The slime creature hits you.
* * * LOW HITPOINT WARNING * * *
The very large slime creature hits you but does no damage.
Unknown command.
The very large slime creature attacks as you move away!
You block the very large slime creature's attack.
Your two-headed ogre hits the slime creature with a +0 giant club!!!
The slime creature dies!
Trog accepts your kill.
The very large slime creature attacks as you move away!
The very large slime creature hits you!!!
You die...

##### ... #...# ....
#...# #########....
#..## #............
#..# #............ ...#
#+####.........# ...#
+.......O......#
...#####.........J....#
................@.....#
##########............#
#............#
#..########### #..#
#..# #..# #..# #..#


You could see a very large slime creature and a friendly two-headed ogre
(summoned, berserk).

Vanquished Creatures
  A boulder beetle (D:13)
  2 centaur warriors (D:13)
  3 two-headed ogres
  An orc knight (D:10)
  2 deep elf pyromancers (D:12)
  A manticore (D:11)
  2 ugly things
  5 cyclopes
  An elephant (D:8)
  3 unseen horrors (D:11)
  3 trolls
  6 slime creatures
  A shadow (D:11)
  4 wraiths
  26 yaks
  A wyvern (D:9)
  A basilisk (D:8)
  3 steam dragons
  2 vampire mosquitoes (D:13)
  7 acid dragons
  7 orc warriors
  3 ogres
  5 black bears
  5 ice beasts
  3 centaurs
  4 phantoms
  6 kobold brigands
  3 necrophages
  3 scorpions
  17 killer bees
  An electric eel (D:7)
  3 howler monkeys
  3 jellies
  4 hounds
  3 orc priests
  2 iguanas
  Natasha (thrice) (D:4)
  10 orc wizards
  4 adders
  3 gnolls (D:5)
  3 shadow imps (D:7)
  2 white imps (D:7)
  An ufetubus (D:6)
  3 worms
  3 dart slugs
  53 orcs
  5 endoplasms
  2 giant cockroaches (D:2)
  8 goblins
  7 hobgoblins
  4 jackals (D:1)
  35 kobolds
  4 quokkas
  11 ball pythons
  7 bats
  3 frilled lizards
  9 rats
327 creatures vanquished.

Vanquished Creatures (collateral kills)
  A slime creature (D:13)
  A hornet (D:11)
  A shadow (D:11)
  A floating eye (D:11)
  An orc wizard (D:11)
5 creatures vanquished.

Vanquished Creatures (others)
  2 fungi
  9 plants
11 creatures vanquished.

Grand Total: 343 creatures vanquished

Notes
Turn   | Place    | Note
-------+----------+-------------------------------------------
     0 | D:1      | Zeld the Minotaur Berserker began the quest for the Orb.
     0 | D:1      | Reached XP level 1. HP: 19/19 MP: 0/0
   495 | D:1      | Reached XP level 2. HP: 23/27 MP: 1/1
   568 | D:1      | Reached skill level 4 in Axes
   666 | D:1      | Found a faded altar of an unknown god.
  1260 | D:2      | Reached XP level 3. HP: 33/33 MP: 2/2
  1597 | D:2      | Reached ** piety under Trog
  1625 | D:2      | Found Okenof's Weapon Shoppe.
  1630 | D:2      | Bought 4 atropa-tipped darts for 28 gold pieces
  2240 | D:2      | Reached XP level 4. HP: 40/40 MP: 3/3
  2437 | D:3      | Noticed an ogre
  2589 | D:4      | Noticed a phantom
  2609 | D:4      | Killed a phantom
  2610 | D:4      | Reached skill level 5 in Axes
  2610 | D:4      | Reached XP level 5. HP: 37/47 MP: 4/4
  2794 | D:4      | Noticed Natasha
  2799 | D:4      | Killed Natasha
  3220 | D:3      | Found a white marble altar of Elyvilon.
  3220 | D:3      | Found a shimmering blue altar of Sif Muna.
  3459 | D:3      | Killed an ogre
  3460 | D:3      | Reached skill level 5 in Fighting
  3460 | D:3      | Reached skill level 6 in Axes
  3460 | D:3      | Reached XP level 6. HP: 56/56 MP: 5/5
  3618 | D:4      | Noticed Natasha
  3631 | D:4      | HP: 2/56 [acid (8)]
  3634 | D:4      | Killed Natasha
  4056 | D:4      | Noticed Natasha
  4076 | D:4      | Killed Natasha
  4793 | D:5      | Entered Level 5 of the Dungeon
  4837 | D:5      | Found a staircase to the Ecumenical Temple.
  4848 | Temple   | Entered the Ecumenical Temple
  4850 | Temple   | Reached *** piety under Trog
  5103 | D:5      | Reached XP level 7. HP: 32/61 MP: 6/6
  5246 | D:5      | Reached skill level 7 in Axes
  5297 | D:5      | Reached skill level 5 in Armour
  6190 | D:5      | Found a radiant altar of Vehumet.
  6202 | D:5      | Reached skill level 5 in Dodging
  6202 | D:5      | Reached XP level 8. HP: 63/70 MP: 7/7
  6314 | D:5      | Reached skill level 8 in Axes
  7094 | D:6      | Reached skill level 9 in Axes
  7459 | D:6      | Reached XP level 9. HP: 60/79 MP: 8/8
  7616 | D:6      | Found a runed translucent gate.
  7624 | D:6      | Found a runed translucent gate.
  7624 | D:6      | Noticed gdog's ghost (novice GnDe)
  7637 | D:6      | Found a runed translucent gate.
  8037 | D:7      | Noticed turdburglar's ghost (novice MiFi)
  8115 | D:7      | Reached **** piety under Trog
  8130 | D:7      | Found Doraxt's Weapon Shop.
  8147 | D:7      | Reached skill level 10 in Axes
  8155 | D:7      | Bought a +1 war axe of flaming for 186 gold pieces
  8155 | D:7      | Bought 2 silver boomerangs for 42 gold pieces
  8424 | D:7      | Found Roq Eps's General Store.
  8609 | D:7      | Found a transporter.
  8609 | D:7      | Found a transporter.
  8836 | D:7      | Found Wufito's Jewellery Boutique.
  8943 | D:7      | Found a glowing golden altar of the Shining One.
  9638 | D:8      | Reached skill level 11 in Axes
  9814 | D:8      | Reached XP level 10. HP: 55/90 MP: 9/9
 10414 | D:8      | Identified the ring "Unaudwirr" {rC++ rN+ rCorr}
 10860 | D:7      | Bought a potion of might for 48 gold pieces
 10933 | D:9      | Noticed an elephant
 10964 | D:8      | Killed an elephant
 10965 | D:8      | Reached skill level 12 in Axes
 11802 | D:9      | Found a staircase to the Lair.
 11808 | D:9      | Reached ***** piety under Trog
 11886 | D:9      | Reached skill level 1 in Evocations
 12162 | D:9      | Noticed a rakshasa
 12170 | D:9      | Noticed a hell hog
 12173 | D:9      | Noticed kmshiort's ghost (novice DrFE)
 12421 | D:9      | Found a transporter.
 12596 | D:9      | Found a transporter.
 12617 | D:9      | Found a one-way gate to the infinite horrors of the Abyss.
 12996 | D:10     | Entered Level 10 of the Dungeon
 13057 | D:10     | Found Jebyesets's Assorted Antiques.
 13063 | D:10     | Bought a scroll labelled LUDUJE ZURA VAR for 33 gold pieces
 13063 | D:10     | Bought a smoky cyan potion for 29 gold pieces
 13063 | D:10     | Bought a scroll labelled DAKKON ROMPO for 33 gold pieces
 13063 | D:10     | Bought a lumpy green potion for 29 gold pieces
 13145 | D:10     | Identified the +0 robe of Neteff {-Tele Regen+ Dex+6}
 13189 | D:10     | Noticed a two-headed ogre
 13196 | D:10     | Killed a two-headed ogre
 13197 | D:10     | Reached skill level 13 in Axes
 13197 | D:10     | Reached XP level 11. HP: 97/99 MP: 10/10
 13207 | D:10     | Noticed an orc knight
 13222 | D:10     | Killed an orc knight
 13487 | D:10     | Found a runed translucent door.
 13494 | D:10     | Noticed quakins's ghost (journeyman MiBe)
 13539 | D:10     | Found a hide-covered altar of Uskayaw.
 13947 | D:11     | Found a staircase to the Orcish Mines.
 14517 | D:11     | Reached skill level 10 in Fighting
 14592 | D:11     | Identified the +6 hand axe "Jetoe" {flame, +Blink} (Trog
                  | gifted it to you on level 11 of the Dungeon)
 14592 | D:11     | Received a gift from Trog
 14603 | D:11     | Noticed a two-headed ogre
 14846 | D:11     | Noticed a white ugly thing
 14854 | D:11     | Killed a two-headed ogre
 14855 | D:11     | Reached skill level 5 in Evocations
 14856 | D:11     | Killed a white ugly thing
 15138 | D:11     | Reached skill level 10 in Armour
 15141 | D:11     | Noticed a two-headed ogre
 15150 | D:11     | Killed a two-headed ogre
 15151 | D:11     | Reached skill level 14 in Axes
 15168 | D:11     | HP: 4/151 [manticore (7)]
 15898 | D:11     | Reached XP level 12. HP: 78/108 MP: 11/11
 16505 | Orc:1    | Entered Level 1 of the Orcish Mines
 17548 | D:13     | Noticed a centaur warrior
 17554 | D:13     | Killed a centaur warrior
 17639 | D:13     | Noticed a boulder beetle
 17799 | D:13     | Killed a boulder beetle
 17800 | D:13     | Reached skill level 15 in Axes
 17906 | D:13     | Noticed a centaur warrior
 17916 | D:13     | Killed a centaur warrior
 17917 | D:13     | Reached skill level 10 in Dodging
 18030 | D:13     | HP: 5/110 [slime creature (2)]
 18032 | D:13     | Annihilated by a very large slime creature

Illustrated notes

Levels and vault maps discovered:
D:1:      lemuel_arrival_cross, layout_basic, serial_forest,
          infiniplex_forest_clump_curved, infiniplex_forest_pool,
          infiniplex_forest_straight_2, infiniplex_forest_end_3,
          infiniplex_forest_join, infiniplex_forest_zigzag_1,
          hellmonk_ecumenical_altar_zigzags, minmay_tromino_v4_c
D:2:      layout_basic, serial_shops, nicolae_shop_hallway_plus, dk_vineyard_3,
          minmay_tall_x
D:3:      layout_basic, mainiacjoe_overflow_divided_tiny
D:4:      layout_loops_ring, uniq_natasha
D:5:      layout_basic, lemuel_coloured_pillars_altar,
          minmay_temple_entry_wispy, saegor_snake_ambush
D:6:      layout_loops_ring, gammafunk_ghost_nasty_kobolds, eino_tiny_chamber
D:7:      layout_loops_cross, general_overflow_altar, serial_shops,
          kennysheep_mini_moat, shop, nicolae_shop_stone, nzn_ghost_randoct,
          roderic_roman_lattice, serial_bayou_pond_d, lightli_minifort
D:8:      layout_loops_ring, dk_noncrumbling_3, dk_noncrumbling_4,
          hangedman_decor_opposing
D:9:      layout_roguey [special_room_orc], david_lair_generic,
          gammafunk_ghost_abyssal_escape, lemuel_flamethrower_1
D:10:     layout_basic, mainiacjoe_overflow_brackets,
          ebering_ghost_reflecting_pool, serial_shops, shop, minmay_radiant
D:11:     layout_rooms, kennysheep_crisscross, onia_ninara_cookie
D:12:     layout_irregular_city
D:13:     layout_irregular_city, nicolae_trove_entry_columns, serial_shops,
          nicolae_shop_waterfront, grunt_ministairs_3, zin_angel
Temple:   nicolae_temple_bog_church
Orc:1:    layout_diamond_mine

Skill      XL: |  1  2  3  4  5  6  7  8  9 10 11 12 |
---------------+-------------------------------------+-----
Axes           | 4 5 6 7 9 11 13 14 15 | 15.2
Fighting       | 4 5 6 7 8 9 10 11 | 11.3
Armour         | 3 4 5 6 8 9 10 11 | 11.0
Dodging        | 3 4 5 6 7 8 9 10 | 10.0
Evocations     | 3 5 7 |  7.3

Action                   |  1- 3 |  4- 6 |  7- 9 | 10-12 || total
-------------------------+-------+-------+-------+-------++-------
Melee: Hand axe          |    24 |       |       |   210 ||   234
       Whip              |    46 |   115 |   357 |    89 ||   607
       Headbutt          |     7 |    19 |    66 |   108 ||   200
       Punch             |       |     2 |     4 |     1 ||     7
       War axe           |       |       |       |   217 ||   217
Invok: Berserk           |     1 |     4 |     4 |     7 ||    16
       Brothers in Arms  |       |       |       |     2 ||     2
       Trog's Hand       |       |       |       |     1 ||     1
Armor: Animal skin       |    19 |    14 |       |       ||    33
       Plate armour      |       |     7 |   185 |   344 ||   536
Dodge: Dodged            |    67 |    68 |   102 |   196 ||   433
Block: Kite shield       |       |       |       |   157 ||   157
